 Dungeon Crawl Stone Soup version 0.29-a0-344-ge2f44be95a (webtiles) character file.

Game seed: 7886416858215466987

7235 KateM the Spear-Bearer (level 10, -14/94 HPs)
             Began as a Minotaur Fighter on Apr 21, 2022.
             Killed from afar by Thargor's ghost (36 damage)
             ... with a stone arrow
             ... on level 7 of the Dungeon.
             The game lasted 00:13:36 (8141 turns).

KateM the Spear-Bearer (Minotaur Fighter)           Turns: 8141, Time: 00:13:36

Health: -14/94     AC: 14    Str: 26    XL:     10   Next: 88%
Magic:  7/9        EV: 10    Int:  8    God:
Gold:   860        SH:  0    Dex: 13    Spells: 9/9 levels left

rFire   . . .      SeeInvis .   n - +8 spear "Rurumn" {speed, rCorr}
rCold   x . .      Faith    +   (no shield)
rNeg    + . .      Spirit   .   x - +6 scale mail {rPois}
rPois   +          Reflect  .   (helmet restricted)
rElec   .          Harm     .   (no cloak)
rCorr   +          Rampage  .   (no gloves)
Will    .....                   (no boots)
Stlth   ..........              b - amulet of the Hart {Faith rPois rC- Int+3 Dex+4}
HPRegen 0.25/turn               f - ring of resist corrosion
MPRegen 0.11/turn               h - ring of positive energy

@: mighty, on berserk cooldown
A: horns 2, retaliatory headbutt
a: no special abilities


You were on level 7 of the Dungeon.
You visited 1 branch of the dungeon, and saw 9 of its levels.

You collected 1157 gold pieces.
You spent 297 gold pieces at shops.

Inventory:

Hand Weapons
 n - the +8 spear "Rurumn" (weapon) {speed, rCorr}
   (You took it off an orc on level 3 of the Dungeon)

   Attacks with this weapon are significantly faster.
   rCorr:     It protects you from acid and corrosion.
Armour
 m - a +0 plate armour
 x - a +6 scale mail of poison resistance (worn)
Jewellery
 b - the amulet of the Hart (around neck) {Faith rPois rC- Int+3 Dex+4}
   (You found it on level 6 of the Dungeon)

   [amulet of faith]

   It allows you to gain divine favour quickly.
   Int:       It affects your intelligence (+3).
   Dex:       It affects your dexterity (+4).
   rC:        It makes you vulnerable to cold.
   rPois:     It protects you from poison.
 f - a ring of resist corrosion (left hand)
 h - a ring of positive energy (right hand)
 i - a +4 ring of protection
 j - a ring of willpower
 r - a ring of protection from fire
 A - a +4 ring of evasion
Scrolls
 c - 2 scrolls of teleportation
 o - 3 scrolls of fog
 p - a scroll of fear {unknown}
 q - a scroll of immolation {unknown}
Potions
 a - a potion of berserk rage
 e - 7 potions of curing
 g - a potion of magic
 s - 4 potions of mutation


   Skills:
 + Level 10.6 Fighting
 - Level 6.3(10.4) Axes
 * Level 12.8(13.4) Polearms
 + Level 10.7 Armour
 - Level 3.6 Shields


You had 9 spell levels left.
You didn't know any spells.
Your spell library contained the following spells:

 Spells                   Type           Power      Damage    Failure   Level
 Airstrike                Air            0%         N/A       100%        4
 Summon Lightning Spire   Summ/Air       0%         N/A       100%        4
 Lightning Bolt           Conj/Air       0%         1d11      100%        5


Dungeon Overview and Level Annotations

Branches:
Dungeon (9/15)             Temple (0/1) D:7             Orc (0/2) D:9
   Lair: D:8-11

Altars:
Trog
The Shining One

Shops:
D:8 *   D:9 *

Annotations:
D:7 1 transporter, Thargor's ghost, novice GrFE


Innate Abilities, Weirdness & Mutations

You have a pair of horns on your head.
You reflexively headbutt those who attack you in melee.


Message History

You see here a +1 antimagic great mace.
You are too injured to fight recklessly!
You are too injured to fight recklessly!
You are too injured to fight recklessly!
You are too injured to fight recklessly!
You are too injured to fight recklessly!
You are too injured to fight recklessly!
You hit Thargor's ghost but do no damage.
You headbutt Thargor's ghost, but do no damage.
You hit Thargor's ghost but do no damage.
You headbutt Thargor's ghost!
Thargor's ghost is lightly damaged.
You hit Thargor's ghost but do no damage.
You headbutt Thargor's ghost, but do no damage.
Thargor's ghost is lightly damaged.
Thargor's ghost hits you but does no damage.
You hit Thargor's ghost but do no damage.
Thargor's ghost is lightly damaged.
You hit Thargor's ghost but do no damage.
Thargor's ghost is lightly damaged.
You hit Thargor's ghost but do no damage.
Thargor's ghost is lightly damaged.
Thargor's ghost barely misses you. You furiously retaliate!
You headbutt Thargor's ghost, but do no damage.
You hit Thargor's ghost. You headbutt Thargor's ghost!
Thargor's ghost is moderately damaged.
You hit Thargor's ghost but do no damage.
You headbutt Thargor's ghost, but do no damage.
Thargor's ghost is moderately damaged.
You miss Thargor's ghost.
Thargor's ghost is moderately damaged.
Thargor's ghost points at you and mumbles some strange words.
The stone arrow hits you!!
* * * LOW HITPOINT WARNING * * *
You feel very mighty all of a sudden.
Thargor's ghost hits you but does no damage.
You feel better.
Thargor's ghost gestures at you while chanting.
The stone arrow hits you!!!
You die...

#.####>........................
#.###...........#.........#####
#.##....#####........####.#####
#.##..###Wg.###...........#....
#.#..###......##......#####.###
#.#..#####.#.[##......#####'###
#.#.##.#≈#.######..............
#...#..##... #)†#..............
#..©#....|_..#@©#©.............
##..#...#$...)W.#..#####.......
##.##.##§#....##..# #.......
#..#..###....#..## #.......
#..####.....##..# ########
##..###.©.###..##
#....#####....# ##...........##
###.......###


You could see Thargor's ghost.

Vanquished Creatures
  A two-headed ogre (D:7)
  A moth of wrath (D:7)
  An unseen horror (D:9)
  Sigmund (D:2)
  3 wyverns (D:9)
  5 yaks (D:8)
  A steam dragon (D:7)
  Grum (D:8)
  A warg (D:9)
  Menkaure (D:5)
  Edmund (D:6)
  A water moccasin (D:6)
  An ice beast (D:8)
  3 sky beasts
  3 black bears
  2 orc warriors (D:9)
  4 ogres
  4 wolves (D:8)
  3 centaurs
  A kobold brigand (D:7)
  6 bullfrogs
  4 necrophages
  A gnoll sergeant (D:7)
  A scorpion (D:5)
  9 killer bees
  2 howler monkeys
  An electric eel (D:6)
  9 orc priests
  A hound (D:5)
  A jelly (D:4)
  Jessica (D:3)
  10 orc wizards
  3 iguanas
  Terence (D:3)
  9 adders
  3 shadow imps
  5 worms
  3 dart slugs
  43 orcs
  5 ball pythons
  9 endoplasms
  4 giant cockroaches
  13 goblins
  7 hobgoblins
  15 jackals
  3 quokkas
  7 bats
  2 frilled lizards
  11 kobolds
  4 rats
232 creatures vanquished.

Notes
Turn   | Place    | Note
-------+----------+-------------------------------------------
     0 | D:1      | KateM the Minotaur Fighter began the quest for the Orb.
     0 | D:1      | Reached XP level 1. HP: 19/19 MP: 0/0
    33 | D:1      | Reached XP level 2. HP: 27/27 MP: 1/1
   141 | D:1      | Found a faded altar of an unknown god.
   290 | D:1      | Reached XP level 3. HP: 33/33 MP: 2/2
   725 | D:2      | Noticed Sigmund
   731 | D:2      | Killed Sigmund
   732 | D:2      | Reached skill level 5 in Axes
   732 | D:2      | Reached XP level 4. HP: 34/41 MP: 3/3
   732 | D:2      | Reached XP level 5. HP: 39/47 MP: 4/4
   771 | D:2      | Noticed a black bear
   779 | D:2      | Killed a black bear
   780 | D:2      | Reached skill level 5 in Fighting
   780 | D:2      | Reached skill level 5 in Armour
   780 | D:2      | Reached XP level 6. HP: 22/56 MP: 5/5
  1527 | D:3      | Found a glowing golden altar of the Shining One.
  1863 | D:3      | Noticed Jessica
  1868 | D:3      | Killed Jessica
  1868 | D:3      | Noticed Terence
  1875 | D:3      | Killed Terence
  1963 | D:3      | Identified the +8 spear "Rurumn" {speed, rCorr}
  2612 | D:4      | Reached skill level 1 in Polearms
  2618 | D:4      | Reached XP level 7. HP: 58/62 MP: 6/6
  2677 | D:4      | Reached skill level 2 in Polearms
  3123 | D:4      | Reached skill level 3 in Polearms
  3288 | D:5      | Entered Level 5 of the Dungeon
  3338 | D:5      | Noticed Menkaure
  3345 | D:5      | Killed Menkaure
  3346 | D:5      | Reached skill level 4 in Polearms
  3666 | D:5      | Reached skill level 5 in Polearms
  3666 | D:5      | Reached XP level 8. HP: 71/71 MP: 7/7
  3940 | D:5      | Reached skill level 6 in Polearms
  4323 | D:6      | Noticed Edmund
  4334 | D:6      | Killed Edmund
  4404 | D:6      | Reached skill level 7 in Polearms
  4884 | D:6      | Identified the amulet of the Hart {Faith rPois rC- Int+3
                  | Dex+4}
  5089 | D:6      | Reached XP level 9. HP: 79/81 MP: 8/8
  5118 | D:6      | Reached skill level 8 in Polearms
  5303 | D:6      | Identified the +0 leather armour of Durable Tender Moments
                  | {rPois rN+ Int+2 Slay-5}
  5380 | D:7      | Found a staircase to the Ecumenical Temple.
  5579 | D:7      | Reached skill level 9 in Polearms
  5639 | D:7      | Found a bloodstained altar of Trog.
  5639 | D:7      | Noticed Thargor's ghost (novice GrFE)
  5642 | D:7      | Found a transporter.
  5646 | D:7      | Noticed a two-headed ogre
  5646 | D:7      | Noticed a moth of wrath
  5658 | D:7      | Found a transporter.
  5796 | D:7      | Identified a scroll of acquirement
  5796 | D:7      | Acquired 622 gold pieces
  6148 | D:8      | Reached skill level 10 in Polearms
  6172 | D:8      | Reached XP level 10. HP: 71/91 MP: 9/9
  6365 | D:8      | You fall into a shaft and drop 1 floor!
  6411 | D:9      | Found Tifriyhi's Assorted Antiques.
  6414 | D:9      | Bought a potion of curing for 81 gold pieces
  6414 | D:9      | Bought a potion of mutation for 216 gold pieces
  6489 | D:9      | Reached skill level 11 in Polearms
  6532 | D:9      | Found a staircase to the Orcish Mines.
  6596 | D:9      | Reached skill level 10 in Armour
  6828 | D:9      | Reached skill level 10 in Fighting
  7122 | D:8      | Found Loumewu's Demolitions Depot.
  7155 | D:8      | Noticed Grum
  7179 | D:8      | Killed Grum
  7180 | D:8      | Reached skill level 12 in Polearms
  8086 | D:7      | Killed a two-headed ogre
  8089 | D:7      | Killed a moth of wrath
  8141 | D:7      | Killed from afar by Thargor's ghost

Illustrated notes

Levels and vault maps discovered:
D:1:      psy_arrival_spokes, layout_basic, ebering_ecumenical_altar_webs
D:2:      layout_rooms, uniq_sigmund
D:3:      layout_loops_cross, tso_altar, minmay_randomly_rotated_circles,
          uniq_terence, uniq_jessica
D:4:      layout_loops_cross
D:5:      layout_loops_ring, minmay_between, uniq_menkaure
D:6:      layout_basic, nrook_campfire, kennysheep_diamond, uniq_edmund
D:7:      layout_basic, minmay_temple_entry_tees,
          gammafunk_ghost_wrathful_warriors
D:8:      layout_cave_pods, nicolae_blasting_shop, nicolae_benzene_ring,
          uniq_grum
D:9:      layout_basic, erik_orc_4, serial_shops, kennysheep_mini

Skill      XL: |  1  2  3  4  5  6  7  8  9 10 |
---------------+-------------------------------+-----
Axes           | 3 5 6 |  6.3
Fighting       | 4 5 6 7 9 10 | 10.6
Armour         | 4 5 6 7 9 10 | 10.7
Polearms       | 1 5 7 10 12 | 12.8
Shields        | |  3.6

Action                   |  1- 3 |  4- 6 |  7- 9 | 10-12 || total
-------------------------+-------+-------+-------+-------++-------
Melee: War axe           |    69 |    41 |       |       ||   110
       Headbutt          |     9 |    11 |    49 |    33 ||   102
       Battleaxe         |       |    37 |       |       ||    37
       Spear             |       |    12 |   330 |   187 ||   529
       Punch             |       |       |     1 |     2 ||     3
  Use: Potion            |       |     1 |     3 |     6 ||    10
       Scroll            |       |       |    17 |     1 ||    18
Armor: Scale mail        |    29 |    36 |    41 |    23 ||   129
Dodge: Dodged            |    37 |    44 |    50 |    30 ||   161
Block: Buckler           |    20 |    12 |       |       ||    32

Table legend: (Time is in decaauts)
 A = Elapsed time spent in this place.
 B = Non-inter-level travel time spent in this place.
 C = Inter-level travel time spent in this place.
 D = Time resting spent in this place.
 E = Time spent auto-exploring this place.
 F = Levels seen in this place.
 G = Mean time per level.
                   A        B        C        D        E       F      G
               +--------+--------+--------+--------+--------+-----+--------+
         Total |   7892 |   7854 |     38 |    777 |   5670 |   9 |  876.9 |
       Dungeon |   7892 |   7854 |     38 |    777 |   5670 |   9 |  876.9 |
               +--------+--------+--------+--------+--------+-----+--------+

Top non-repeatable levels by time:
     D:8: 1170 daAuts
     D:3: 1095 daAuts
     D:5: 974 daAuts
     D:6: 965 daAuts
     D:2: 945 daAuts
     D:7: 813 daAuts
     D:4: 702 daAuts
     D:9: 654 daAuts
     D:1: 570 daAuts
